 Dungeon Crawl Stone Soup version 0.27.1 (webtiles) character file.

Game seed: 11562642514449282510

26 r3algoood the Firebug (level 2, -1/20 HPs)
             Began as a Demigod Fire Elementalist on Sept 1, 2021.
             Splashed by a jelly's acid (5 damage)
             ... on level 1 of the Dungeon.
             The game lasted 00:03:31 (1557 turns).

r3algoood the Firebug (Demigod Fire Elementalist)   Turns: 1557, Time: 00:03:31

Health: -1/20      AC: -6    Str:  9    XL:     2   Next: 69%
Magic:  7/7        EV: 12    Int: 17    God:
Gold:   22         SH:  0    Dex: 14    Spells: 4/5 levels left

rFire    . . .     SeeInvis .   e - +2 dagger (speed)
rCold    . . .     Faith    .   (no shield)
rNeg     . . .     Spirit   .   a - +0 robe
rPois    .         Reflect  .   (no helmet)
rElec    .         Harm     .   (no cloak)
rCorr    .         Rampage  .   (no gloves)
Will     .....                  (no boots)
Stlth    ++........             (no amulet)
HPRegen  0.06/turn              d - ring of flight
MPRegen  0.10/turn              (no ring)

@: corroded, flying, studying Stealth
A: high mp 1, forlorn
a: no special abilities


You were on level 1 of the Dungeon.
You visited 1 branch of the dungeon, and saw 2 of its levels.

You collected 22 gold pieces.

Inventory:

Hand Weapons
 e - a +2 dagger of speed (weapon)
Armour
 a - a +0 robe (worn)
Jewellery
 d - a ring of flight (left hand)
Scrolls
 b - a scroll of brand weapon {unknown}
 c - a scroll of identify {unknown}
 f - 2 scrolls of teleportation {unknown}
 h - a scroll of acquirement {unknown}
 i - a scroll of silence {unknown}
Potions
 g - a potion of might {unknown}
 j - a potion of flight {unknown}
 k - a potion of haste {unknown}
 l - a potion of mutation {unknown}


   Skills:
 + Level 0.4 Short Blades
 + Level 1.9 Dodging
 + Level 1.9 Stealth
 + Level 2.1 Spellcasting
 + Level 0.8 Conjurations
 + Level 3.2 Fire Magic


You had 4 spell levels left.
You knew the following spells:

 Your Spells              Type           Power      Damage    Failure   Level
a - Foxfire               Conj/Fire      32%        2x1d5     9%          1

Your spell library contained the following spells:

 Spells                   Type           Power      Damage    Failure   Level
 Conjure Flame            Conj/Fire      8%         6-21      24%         3
 Inner Flame              Hex/Fire       7%         N/A       28%         3
 Sticky Flame             Conj/Fire      8%         2d3       63%         4
 Fireball                 Conj/Fire      4%         3d4       92%         5


Dungeon Overview and Level Annotations

Branches:
Dungeon (2/15)

Shops:
D:1 =


Innate Abilities, Weirdness & Mutations

Your attributes grow dramatically as you level up.
You have an increased reservoir of magic. (+10% MP)
You shall have no god before yourself.


Message History

The endoplasm jiggles.
The endoplasm misses you.
You barely miss the endoplasm.
The endoplasm is almost dead.
The endoplasm hits you.
You hit the endoplasm.
You kill the endoplasm!
You now have 22 gold pieces (gained 9).
Magic restored.
HP restored.
Done exploring.
Done exploring.
Done exploring.
There is a stone staircase leading down here.
You fly downwards.
Found a ring mail.
There is a stone staircase leading up here.
You see here a +0 ring mail.
A goblin comes into view. It is wielding a +0 dagger.
The helpless jelly fails to defend itself.
You puncture the jelly! The acid corrodes you!
Your hands burn!
The jelly is heavily wounded.
You hit the jelly but do no damage.
Your hands burn!
The jelly is heavily wounded.
The jelly hits you. The acid corrodes you!
You are splashed with acid.
You hit the jelly but do no damage.
Your hands burn!
* * * LOW HITPOINT WARNING * * *
The jelly is heavily wounded.
The jelly barely misses you.
You hit the jelly but do no damage.
Your hands burn!
* * * LOW HITPOINT WARNING * * *
The jelly is heavily wounded.
You see here a +0 ring mail.
There is a stone staircase leading up here.
The jelly closely misses you.
You fly upwards.
There is a stone staircase leading down here.
Unknown command.
You hit the jelly but do no damage.
Your hands burn!
You die...

#.# #.........#.#.......##...
#.# #.........#.#######......
#.####.........#.#######.#..##
#........................#.###
############......#...........
##.....#..........#
#....)#..........#
#J....#.........##
#@....#.........#
#.....#......)..#
#.....#.........#
#.....#.........#
#.....########### #.)...#
#######


You could see a jelly.

Vanquished Creatures
  A dart slug (D:1)
  2 ball pythons (D:1)
  2 endoplasms (D:1)
  A giant cockroach (D:1)
  6 goblins (D:1)
  5 kobolds (D:1)
  A quokka (D:1)
  4 rats (D:1)
22 creatures vanquished.

Vanquished Creatures (others)
  26 foxfires (D:1)
  2 fungi (D:1)
28 creatures vanquished.

Grand Total: 50 creatures vanquished

Notes
Turn   | Place    | Note
-------+----------+-------------------------------------------
     0 | D:1      | r3algoood the Demigod Fire Elementalist began the quest for
                  | the Orb.
     0 | D:1      | Reached XP level 1. HP: 14/14 MP: 5/5
   295 | D:1      | Reached skill level 3 in Fire Magic
   436 | D:1      | Reached XP level 2. HP: 20/20 MP: 4/7
   460 | D:1      | Found Barchis's Jewellery Emporium.
  1557 | D:1      | Splashed by a jelly's acid

Illustrated notes

Levels and vault maps discovered:
D:1:      dpeg_arrival_round_b, layout_rooms, serial_shops, shop,
          shapermc_ecumenical_altar_acropolis
D:2:      layout_basic, hangedman_glass_teeth, uniq_natasha

Skill      XL: |  1 |
---------------+----+-----
Spellcasting   | 2 |  2.1
Fire Magic     | 3 |  3.2
Short Blades   | |  0.4
Dodging        | |  1.9
Stealth        | |  1.9
Conjurations   | |  0.8

Action                   || total
-------------------------++-------
Melee: Dagger            ||    47
 Cast: Foxfire           ||    17
 Stab: Sleeping          ||     1
Armor: Robe              ||     6
Dodge: Dodged            ||    16
